 Dungeon Crawl Stone Soup version 0.27.0-1-g7a089689b8 (webtiles) character file.

Game seed: 5552442391843278636

24931 kalagan the Thaumaturge (level 12, -1/62 HPs)
             Began as a Deep Elf Conjurer on Aug 9, 2021.
             Was a Priest of Sif Muna.
             Slain by a polar bear (11 damage)
             ... on level 6 of the Lair of Beasts.
             The game lasted 00:50:04 (19566 turns).

kalagan the Thaumaturge (Deep Elf Conjurer)        Turns: 19566, Time: 00:50:05

Health: -1/62      AC: 11    Str:  8    XL:     12   Next: 85%
Magic:  15/30      EV: 15    Int: 27    God:    Sif Muna [***...]
Gold:   338        SH:  0    Dex: 13    Spells: 14/35 levels left

rFire    + + .     SeeInvis .   Q - +6 scimitar (flame)
rCold    . . .     Faith    .   (no shield)
rNeg     . . .     Spirit   .   l - +2 robe {rF+}
rPois    .         Reflect  .   C - +0 helmet
rElec    .         Harm     .   M - +1 cloak of Mips {Int+2}
rCorr    .         Rampage  .   u - +0 pair of gloves
Will     ++...                  E - +1 pair of boots
Stlth    ++++......             (no amulet)
HPRegen  0.20/turn              B - ring of protection from fire
MPRegen  0.22/turn              N - ring of willpower

@: channeling
A: no striking features
a: Renounce Religion, Channel Magic, Forget Spell


You were on level 6 of the Lair of Beasts.
You worshipped Sif Muna.
Sif Muna was most pleased with you.
You visited 3 branches of the dungeon, and saw 18 of its levels.

You collected 875 gold pieces.
You spent 537 gold pieces at shops.

Inventory:

Hand Weapons
 x - a +4 falchion of electrocution
 y - the +9 rapier of Setruekh {elec, rElec rF- Str+3 Int+2}
   (You found it on level 3 of the Lair of Beasts)

   It occasionally discharges a powerful burst of electricity upon striking a
   foe.
   Str:       It affects your strength (+3).
   Int:       It affects your intelligence (+2).
   rF:        It makes you vulnerable to fire.
   rElec:     It insulates you from electricity.
 Q - a +6 scimitar of flaming (weapon)
Armour
 l - a +2 robe of fire resistance (worn)
 u - a +0 pair of gloves (worn)
 C - a +0 helmet (worn)
 E - a +1 pair of boots (worn)
 H - +0 acid dragon scales
 L - the +8 ring mail of Carifatu {Int+4}
   (You found it on level 8 of the Dungeon)

   Int:       It affects your intelligence (+4).
 M - the +1 cloak of Mips (worn) {Int+2}
   (You bought it in a shop on level 7 of the Dungeon)

   Int:       It affects your intelligence (+2).
Magical Staves
 o - a staff of fire
 O - a staff of poison
Jewellery
 B - a ring of protection from fire (left hand)
 N - a ring of willpower (right hand)
Wands
 a - a wand of flame (37)
 m - a wand of iceblast (4)
 n - a wand of paralysis (6)
 t - a wand of mindburst (12)
 G - a wand of charming (18)
 J - a wand of digging (5)
Scrolls
 b - 7 scrolls of teleportation
 g - 6 scrolls of amnesia
 j - 4 scrolls of immolation
 r - a scroll of fog
 v - 2 scrolls of fear
 A - 2 scrolls of magic mapping
 I - a scroll of silence
 K - a scroll of vulnerability
Potions
 d - 3 potions of invisibility
 e - 10 potions of curing
 h - 3 potions of flight
 i - 5 potions of mutation
 k - 8 potions of heal wounds
 p - 4 potions of haste
 s - 3 potions of lignification
 w - 2 potions of cancellation
 z - a potion of resistance
 D - 3 potions of ambrosia
 F - 3 potions of brilliance
 P - a potion of might
Miscellaneous
 f - a phial of floods


   Skills:
 - Level 2.0 Fighting
 - Level 2.0 Long Blades
 * Level 5.0 Armour
 + Level 8.2 Dodging
 + Level 9.0 Stealth
 * Level 12.1 Spellcasting
 * Level 11.1 Conjurations
 + Level 9.8 Hexes
 * Level 7.2 Translocations
 - Level 2.1 Fire Magic
 + Level 5.2 Ice Magic
 * Level 6.2 Invocations
 + Level 3.2 Evocations


You had 14 spell levels left.
You knew the following spells:

 Your Spells              Type           Power      Damage    Failure   Level
a - Magic Dart            Conj           100%       1d8       1%          1
b - Searing Ray           Conj           100%       3d7       1%          2
c - Dazzling Flash        Conj/Hex       100%       N/A       1%          3
d - Fulminant Prism       Conj/Hex       32%        3d16      1%          4
e - Iskenderun's Mystic   Conj/Tloc      60%        2d13      1%          4
i - Metabolic Englaciati  Hex/Ice        27%        N/A       4%          5
s - Slow                  Hex            62%        N/A       1%          2

Your spell library contained the following spells:

 Spells                   Type           Power      Damage    Failure   Level
 Freeze                   Ice            100%       1d11      1%          1
 Static Discharge         Conj/Air       46%        N/A       1%          2
 Confusing Touch          Hex            62%        N/A       1%          3
 Frozen Ramparts          Ice            88%        1d10      1%          3
 Summon Guardian Golem    Hex/Summ       42%        N/A       1%          3
 Hailstorm                Conj/Ice       57%        3d12      1%          4
 Sticky Flame             Conj/Fire      51%        2d7       2%          4
 Summon Small Mammal      Summ           64%        N/A       3%          1
 Call Canine Familiar     Summ           16%        N/A       11%         3
 Vampiric Draining        Necr           8%         2d7       11%         3
 Dispel Undead            Necr           16%        3d10      34%         4
 Petrify                  Tmut/Erth      16%        N/A       34%         4
 Statue Form              Tmut/Erth      10%        N/A       99%         6


Dungeon Overview and Level Annotations

Branches:
Dungeon (11/15)            Temple (1/1) D:7            Lair (6/6) D:10
  Swamp (0/4) Lair:3       Spider (0/4) Lair:3          Orc (0/2) D:10
  Slime: Lair:5-6

Altars:
Ashenzari
Cheibriados
Dithmenos
Elyvilon
Fedhas
Gozag
Hepliaklqana
Kikubaaqudgha
Makhleb
Nemelex Xobeh
Qazlal
Ru
Sif Muna
Trog
Uskayaw
Vehumet
Wu Jian
Xom
Yredelemnul
The Shining One

Shops:
D:5 :*[[[[   D:7 :[[[!


Message History

You hear a loud, deep croak!
You hear a trumpeting!
You hear a howl!
Your Armour skill increases to level 5!
Unknown command.
Casting: Fulminant Prism (dangerous; 1% risk of failure)
Confirm with . or Enter, or press ? or * to list all spells.
Aiming: Searing Ray (safe; 1% risk of failure)
Press: ? - help, Shift-Dir - straight line, f - polar bear
Aim: a polar bear (moderately wounded, slow, 87% to hit)
The searing ray hits the polar bear!
The polar bear is heavily wounded. (Press . to maintain the ray.)
You feel sick.
You are no longer poisoned.
The searing ray hits the polar bear!
The polar bear is severely wounded.
The polar bear shakes off its lethargy.
The polar bear goes berserk!
The searing ray hits the polar bear.
The polar bear is severely wounded.
The blink frog hits you!
A blink frog comes into view.
The blink frog gives a loud, deep croak!
The searing ray hits the polar bear but does no damage.
The polar bear is severely wounded.
You finish channeling your searing ray.
A cane toad comes into view.
The blink frog hits you!
* * * LOW HITPOINT WARNING * * *
The polar bear bites you.
* * * LOW HITPOINT WARNING * * *
The polar bear claws you but does no damage.
The polar bear completely misses you. The blink frog closely misses you.
You riposte.
The cane toad croaks.
You slash the blink frog! You burn the blink frog.
The blink frog is moderately wounded.
The blink frog closely misses you.
You riposte.
You slash the blink frog! You burn the blink frog.
The blink frog is heavily wounded.
The polar bear bites you!
You die...

#..... #.F...
#.....##
##......
##......#
#.......## #
#[.....F.#..#..
.......@.......
......Fh.......
.......†.......
..........†....
...............
.......†.......
........F......
.#..÷..........


You could see a polar bear (berserk), a cane toad and 3 blink frogs.

Vanquished Creatures
  2 hydras
  Erica (Lair:2)
  A two-headed ogre (D:10)
  4 elephants (Lair:4)
  3 black mambas
  9 cane toads
  2 rime drakes (Lair:3)
  Maggie (D:8)
  A kobold demonologist (D:10)
  6 komodo dragons
  2 polar bears
  9 blink frogs
  A tarantella (Lair:3)
  2 wraiths
  3 hogs (D:7)
  A human (D:7)
  3 steam dragons (Lair:3)
  A basilisk (Lair:3)
  27 yaks
  2 swamp worms (Lair:3)
  Duvessa (D:6)
  13 water moccasins
  2 ice beasts
  3 orc warriors
  2 black bears
  A sky beast (D:5)
  3 necrophages
  2 wolves (Lair:3)
  3 ogres
  3 centaurs
  2 kobold brigands (D:9)
  2 phantoms
  6 bullfrogs
  2 gnoll sergeants
  4 scorpions
  2 water moccasin zombies (D:6)
  Dowan (D:6)
  12 killer bees (D:9)
  4 electric eels
  6 howler monkeys
  2 bullfrog zombies
  5 centaur zombies
  A hound (D:5)
  2 centaur skeletons
  7 orc priests
  A bullfrog skeleton (D:7)
  A gnoll shaman (D:7)
  7 orc wizards
  An iguana (D:6)
  A killer bee zombie (D:6)
  A hound skeleton (D:5)
  3 howler monkey zombies
  17 gnolls
  9 adders
  A shadow imp (D:8)
  A white imp (D:6)
  An ufetubus (D:5)
  A dart slug (D:1)
  30 orcs
  10 bats
  7 endoplasms
  4 giant cockroaches
  7 hobgoblins
  2 jackals (D:1)
  10 kobolds
  7 quokkas
  4 ball pythons
  2 frilled lizards (D:2)
  8 goblins
  8 rats
316 creatures vanquished.

Vanquished Creatures (others)
  67 fulminant prisms
  26 fungi
  44 plants
  5 withered plants (D:10)
142 creatures vanquished.

Grand Total: 458 creatures vanquished

Notes
Turn   | Place    | Note
-------+----------+-------------------------------------------
     0 | D:1      | kalagan the Deep Elf Conjurer began the quest for the Orb.
     0 | D:1      | Reached XP level 1. HP: 10/10 MP: 6/6
   291 | D:1      | Reached XP level 2. HP: 15/15 MP: 4/8
   335 | D:1      | Learned a level 2 spell: Searing Ray
  1129 | D:1      | Reached XP level 3. HP: 19/19 MP: 7/10
  1133 | D:1      | Learned a level 3 spell: Dazzling Flash
  1528 | D:2      | Reached skill level 4 in Spellcasting
  1528 | D:2      | Reached skill level 5 in Conjurations
  1528 | D:2      | Reached skill level 1 in Hexes
  1528 | D:2      | Reached XP level 4. HP: 24/24 MP: 1/12
  1870 | D:2      | Found a faded altar of an unknown god.
  2585 | D:3      | Reached XP level 5. HP: 28/28 MP: 10/13
  2679 | D:3      | Learned a level 4 spell: Fulminant Prism
  3166 | D:3      | Found a broken altar of Ashenzari.
  4103 | D:4      | Reached XP level 6. HP: 32/32 MP: 13/15
  4132 | D:4      | Reached skill level 5 in Spellcasting
  4433 | D:4      | Found a stormy altar of Qazlal.
  5092 | D:5      | Entered Level 5 of the Dungeon
  5096 | D:5      | Reached XP level 7. HP: 36/36 MP: 11/17
  5318 | D:5      | Found Xopuntoc's Antique Armour Shop.
  5432 | D:5      | Reached skill level 6 in Spellcasting
  5564 | D:5      | Found Wedur's General Store.
  5573 | D:5      | Bought a potion of curing for 36 gold pieces
  5573 | D:5      | Bought a scroll of identify for 24 gold pieces
  5573 | D:5      | Bought a scroll of noise for 12 gold pieces
  5578 | D:5      | Found Jinuk's Antique Armour Shop.
  5712 | D:5      | Reached skill level 5 in Hexes
  5715 | D:5      | Reached XP level 8. HP: 41/41 MP: 6/20
  5719 | D:5      | Reached skill level 5 in Stealth
  5850 | D:5      | Reached skill level 7 in Spellcasting
  5885 | D:5      | Found Roits's Book Shop.
  5918 | D:5      | Found a blossoming altar of Fedhas.
  5982 | D:5      | Found Joace's Antique Armour Shop.
  6113 | D:5      | Found Fippig's Antique Armour Boutique.
  6367 | D:5      | Bought a glowing robe for 81 gold pieces
  6430 | D:6      | Noticed Dowan
  6431 | D:6      | Noticed Duvessa
  6442 | D:6      | Killed Dowan
  6455 | D:6      | Killed Duvessa
  6456 | D:6      | Reached skill level 5 in Dodging
  6676 | D:6      | Reached skill level 8 in Spellcasting
  6802 | D:6      | HP: 1/41 [orc warrior (8)]
  7103 | D:6      | Reached XP level 9. HP: 45/45 MP: 17/23
  7109 | D:6      | Learned a level 5 spell: Metabolic Englaciation
  7838 | D:6      | Reached skill level 1 in Fire Magic
  8332 | D:7      | Found Faamnu's Book Shoppe.
  8349 | D:7      | Reached skill level 1 in Ice Magic
  8461 | D:7      | Found a sacrificial altar of Ru.
  8507 | D:7      | Found a staircase to the Ecumenical Temple.
  8528 | D:7      | Found Edaneudd's Armour Boutique.
  8572 | Temple   | Entered the Ecumenical Temple
  8644 | Temple   | Became a worshipper of Sif Muna the Loreminder
  8650 | Temple   | Learned a level 4 spell: Iskenderun's Mystic Blast
  8968 | D:7      | Found Pillargh's Distillery.
  8972 | D:7      | Found Pepy's Antique Armour Shoppe.
  8978 | D:7      | Bought a pair of boots for 108 gold pieces
  9050 | D:7      | Bought a potion of brilliance for 48 gold pieces
  9118 | D:7      | Found Rionoh's Armour Shop.
  9213 | D:7      | Found a shadowy altar of Dithmenos.
  9214 | D:7      | Found a radiant altar of Vehumet.
  9294 | D:7      | Reached skill level 1 in Fighting
  9294 | D:7      | Reached skill level 1 in Long Blades
  9294 | D:7      | Reached skill level 9 in Spellcasting
  9294 | D:7      | Reached skill level 1 in Translocations
  9296 | D:7      | Reached skill level 1 in Invocations
  9472 | D:8      | Noticed Maggie
  9479 | D:8      | Killed Maggie
  9480 | D:8      | Reached skill level 1 in Armour
  9480 | D:8      | Reached XP level 10. HP: 44/52 MP: 14/25
  9508 | D:8      | Learned a level 2 spell: Slow
  9601 | D:8      | You fall into a shaft and drop 2 floors!
  9601 | D:10     | Entered Level 10 of the Dungeon
  9602 | D:10     | Noticed a two-headed ogre
  9608 | D:10     | Killed a two-headed ogre
  9650 | D:10     | Found an ornate altar of the Wu Jian Council.
  9670 | D:10     | Reached * piety under Sif Muna
  9784 | D:10     | Found an ancient bone altar of Kikubaaqudgha.
 10155 | D:10     | Found a staircase to the Orcish Mines.
 10218 | D:9      | Reached skill level 10 in Spellcasting
 10761 | D:9      | Found a sparkling altar of Nemelex Xobeh.
 10926 | D:8      | Found a snail-covered altar of Cheibriados.
 10939 | D:8      | Identified the +8 scimitar "Jelly's Nightmare" {freeze,
                  | +Rage rElec Will++ Int-5}
 10955 | D:8      | Reached ** piety under Sif Muna
 11070 | D:8      | Identified the +8 ring mail of Carifatu {Int+4}
 11494 | D:8      | Reached XP level 11. HP: 31/57 MP: 18/27
 11717 | D:9      | Found a shimmering altar of Xom.
 12040 | D:7      | Bought a smoking cloak for 228 gold pieces
 12040 | D:7      | Identified the +1 cloak of Mips {Int+2} (You bought it in a
                  | shop on level 7 of the Dungeon)
 12397 | D:10     | Found a hide-covered altar of Uskayaw.
 12658 | D:10     | Found a staircase to the Lair.
 12692 | D:10     | Found a basalt altar of Yredelemnul.
 12808 | Lair:1   | Entered Level 1 of the Lair of Beasts
 12818 | Lair:1   | Reached skill level 1 in Evocations
 13162 | Lair:1   | Reached skill level 5 in Translocations
 13652 | Lair:1   | Reached skill level 10 in Conjurations
 14459 | Lair:2   | Noticed Erica
 14478 | Lair:2   | Killed Erica
 14631 | Lair:2   | Found a sparkling altar of Nemelex Xobeh.
 14781 | Lair:2   | Reached skill level 11 in Spellcasting
 15203 | Lair:3   | Noticed a seven-headed hydra
 15211 | Lair:3   | Killed a six-headed hydra
 15217 | Lair:3   | Identified the +9 rapier of Setruekh {elec, rElec rF- Str+3
                  | Int+2}
 15376 | Lair:3   | Reached XP level 12. HP: 18/62 MP: 9/29
 15691 | Lair:3   | Reached skill level 5 in Invocations
 16028 | Lair:3   | Found a hole to the Spider Nest.
 16148 | Lair:3   | Reached *** piety under Sif Muna
 16652 | Lair:3   | Found a staircase to the Swamp.
 17683 | Lair:4   | Reached skill level 5 in Ice Magic
 19021 | Lair:5   | Reached skill level 12 in Spellcasting
 19165 | Lair:5   | Identified the +1 chain mail of Honour {*Corrode Int+3
                  | SInv}
 19534 | Lair:6   | Entered Level 6 of the Lair of Beasts
 19534 | Lair:6   | Noticed an eight-headed hydra
 19540 | Lair:6   | Killed an eight-headed hydra
 19562 | Lair:6   | Reached skill level 5 in Armour
 19566 | Lair:6   | Slain by a polar bear

Illustrated notes

Levels and vault maps discovered:
D:1:      shiori_arrival_oz, layout_basic
D:2:      layout_loops_cross, dreamdust_ecumenical_altar_angels_and_demons
D:3:      layout_loops_ring, lemuel_round_altar, ebering_dispersal_statue_hall
D:4:      layout_loops_ring, mainiacjoe_overflow_chevrons
D:5:      layout_cave_pools, fedhas_altar_fruit_tree, serial_shops,
          nicolae_stop_n_shop_2, shop, nicolae_lakefront_shop, shop,
          nicolae_shop_behind_doors, grunt_ministairs_13, kennysheep_diamond
D:6:      layout_basic, uniq_duvessa
D:7:      layout_rooms, mainiacjoe_overflow_tiny_flanked, minitemple,
          temple_pool_b, serial_shops, nicolae_shop_behind_doors,
          nicolae_diamond_shop, shop, nicolae_square_shop,
          nicolae_take_the_stairs, moated_statue, grunt_livestock
D:8:      layout_basic, cheibriados_altar_2, uniq_maggie
D:9:      layout_basic, nemelex_spade_bored_becter, kennysheep_mini_moat,
          minmay_microvault
D:10:     layout_basic, kiku_gazebo_garden_becter, kennysheep_mini,
          overflow_temple_1_default, nicolae_wu_jian_wuxing_cycle,
          lair_entry_dummy, orc_0_dummy
D:11:     minmay_smoke_and_mirrors, layout_gridville, ebering_ghost_gozag,
          kennysheep_nub, zin_statuary
Temple:   jpeg_temple_island
Lair:1:   layout_gridlike
Lair:2:   layout_cave_pods, basic_altar, serial_bayou_lagoon_b, uniq_erica
Lair:3:   layout_loops_ring, nicolae_swamp_entry_splash_gauntlet,
          spider_nest_entry_rubble, beast_lair_carwin_3
Lair:4:   layout_hall_layers, grunt_megastairs_2, infiniplex_staircase_pool,
          serial_bayou_shore_a, serial_bayou_shore_b
Lair:5:   layout_loops_ring, nicolae_quartered_pool_super
Lair:6:   grunt_lair_end_beastmaster, layout_regular_city, slime_dummy,
          grunt_megastairs_4

Skill      XL: |  1  2  3  4  5  6  7  8  9 10 11 12 |
---------------+-------------------------------------+-----
Stealth        | 3 4 5 6 7 8 9 |  9.0
Dodging        | 3 4 5 6 7 8 |  8.2
Spellcasting   | 4 5 6 8 9 10 11 12 | 12.1
Conjurations   | 5 6 8 9 10 11 | 11.1
Hexes          | 1 2 3 4 5 7 8 9 |  9.8
Fire Magic     | 2 |  2.1
Ice Magic      | 2 3 4 5 |  5.2
Fighting       | 1 2 |  2.0
Long Blades    | 1 2 |  2.0
Translocations | 2 4 6 7 |  7.2
Invocations    | 1 3 4 6 |  6.2
Armour         | 1 2 3 5 |  5.0
Evocations     | 2 3 |  3.2

Action                   |  1- 3 |  4- 6 |  7- 9 | 10-12 || total
-------------------------+-------+-------+-------+-------++-------
Melee: Short sword       |       |     9 |       |       ||     9
       Falchion          |       |     6 |    11 |    39 ||    56
       Dagger            |       |     1 |       |       ||     1
       Staff             |       |     1 |       |       ||     1
       Scimitar          |       |       |       |    39 ||    39
 Cast: Magic Dart        |    73 |    83 |   139 |    86 ||   381
       Searing Ray       |     3 |    15 |    35 |    59 ||   112
       Fulminant Prism   |       |       |     9 |    58 ||    67
       Iskenderun's Myst |       |       |       |    58 ||    58
       Slow              |       |       |       |    39 ||    39
       Dazzling Flash    |       |       |       |     4 ||     4
       Metabolic Englaci |       |       |       |     4 ||     4
Invok: Channel Magic     |       |       |       |     9 ||     9
Evoke: Wand              |       |       |       |    11 ||    11
  Use: Scroll            |       |     4 |     1 |    22 ||    27
       Potion            |       |       |     2 |     1 ||     3
 Stab: Sleeping          |       |     1 |       |     2 ||     3
Armor: Robe              |     4 |     5 |    21 |    81 ||   111
Dodge: Dodged            |     9 |    29 |    56 |   155 ||   249
       Rpst.: Falchion   |       |     2 |    15 |    20 ||    37
       Scimitar          |       |       |       |    20 ||    20
